 Dungeon Crawl Stone Soup version 0.19-a0-1496-gfc80c20 (webtiles) character file.

7072 MrRokkomies the Grappler (level 10, -3/81 HPs)
             Began as a Troll Chaos Knight on Sept 10, 2016.
             Slain by a spiny frog (20 damage)
             ... on level 2 of the Lair of Beasts on Sept 11, 2016.
             The game lasted 00:49:40 (8054 turns).

MrRokkomies the Grappler (Troll Chaos Knight)       Turns: 8054, Time: 00:49:42

Health: -3/81      AC: 13    Str: 21 (22) XL:     10   Next: 84%
Magic:  12/12      EV: 11    Int:  8      God:    Xom [.*....]
Gold:   630        SH:  0    Dex:  9 (12) Spells: 0 memorised, 9 levels left

rFire  . . .     SeeInvis .       - Unarmed
rCold  + . .     Gourm    +     T - +2 robe {rC+}
rNeg   . . .     Faith    .     (no shield)
rPois  +         Spirit   .     t - +2 hat
rElec  .         Dismiss  .     E - +2 cloak {MR+}
rCorr  .         Reflect  .     (gloves unavailable)
MR     ++...     Harm     .     (boots unavailable)
Stlth  ++........ Clarity  +    k - amulet of rage Rnd*Tele +
                                o - ring of stealth
                                e - ring of protection from magic

@: no status effects
A: unfitting armour, claws 3, hooves 1, blurry vision 1, clarity, deterioration
1, fast metabolism 3, frail 2, gourmand, poison resistance, regeneration 1,
shaggy fur 2, teleportitis 1, tough skin 2, wild magic 1, evolution 1
a: Renounce Religion, Evoke Berserk Rage


You were on level 2 of the Lair of Beasts.
You worshipped Xom.
You were a plaything of Xom.
You were near starving.

You visited 2 branches of the dungeon, and saw 10 of its levels.
You also visited: Labyrinth.

You collected 630 gold pieces.

Inventory:

Hand Weapons
 N - a +0 giant spiked club
 W - a +0 blowgun
Missiles
 s - 2 throwing nets
 w - 32 poisoned needles
 C - 266 stones (quivered)
Armour
 t - a +2 hat (worn)
 E - a +2 cloak of magic resistance (worn)
 J - a steam dragon hide
 S - a +0 robe of resistance
 T - a +2 robe of cold resistance (worn)
Rods
 p - a +1 rod of ignition (9/9)
   (You found it on level 1 of the Lair of Beasts)
 u - a +2 rod of ignition (14/14)
   (You found it in a labyrinth)
Jewellery
 e - a ring of protection from magic (left claw)
 k - an amulet of rage (around neck)
 o - a ring of stealth (right claw)
 v - an uncursed ring of stealth
Wands
 h - a wand of iceblast (7/15)
 l - a wand of random effects (15/48)
 n - a wand of acid (10/15)
 q - a wand of disintegration (11/24)
 r - a wand of acid (12/15)
 D - a wand of slowing (23/48)
 F - a wand of confusion (6/48)
 L - a wand of random effects (37/48)
 O - a wand of digging (19/24)
 P - a wand of lightning (6/15)
 Q - a wand of slowing (22/48)
Scrolls
 c - 10 scrolls of remove curse
 A - 2 scrolls of fear
 B - 5 scrolls of enchant weapon
 G - 4 scrolls of blinking
 H - a scroll of amnesia
 K - 2 scrolls of recharging
 M - a scroll of teleportation
 U - a scroll of enchant armour
Potions
 d - 2 potions of curing
 f - a potion of agility
 g - 2 potions of heal wounds
 m - 2 potions of brilliance
 z - a potion of berserk rage
 I - a potion of lignification
 V - 2 potions of haste
Books
 R - a book of Debilitation

   Spells                             Type                      Level
   a - Corona                         Hexes                        1
   b - Slow                           Hexes                        2
   c - Gell's Gravitas                Hexes/Translocation          3
   d - Inner Flame                    Hexes/Fire                   3
   e - Cause Fear                     Hexes                        4
   f - Leda's Liquefaction            Hexes/Earth                  4
Comestibles
 b - 8 bread rations
 j - 6 fruits
 x - 4 meat rations


   Skills:
 * Level 7.4 Fighting
 - Level 4.7 Throwing
 * Level 4.3 Dodging
 - Level 11.0 Unarmed Combat
 - Level 5.1 Evocations


You had 9 spell levels left.
You didn't know any spells.

Dungeon Overview and Level Annotations

Branches:
Dungeon (8/15)             Temple (0/1) D:7            Lair (2/6) D:8
  Swamp: Lair:2-4    Shoals: Lair:2-4     Snake: Lair:2-4    Spider: Lair:2-4

Altars:
Ashenzari
Cheibriados
Elyvilon
Gozag
Hepliaklqana
Makhleb
Nemelex Xobeh
Qazlal
Ru
Trog
Vehumet


Innate Abilities, Weirdness & Mutations

You are too large for most types of armour.
You have claws for hands.
Your metabolism is lightning-fast.
You like to eat raw meat.
Your natural rate of healing is unusually fast.
You are covered in thick fur. (AC +2)
You have very tough skin. (AC +2)
You have large cloven feet.
Scrolls take you a little longer to read.
You possess an exceptional clarity of mind.
Your body sometimes deteriorates upon taking damage.
You are very frail. (-20% HP)
Your system is resistant to poisons. (rPois)
You are occasionally teleported next to monsters.
Your spells are a little harder to cast, but a little more powerful.
You evolve.


Message History

The giant frog closely misses you.
The giant frog hits you but does no damage.
The crocodile bites you!
* * * LOW HITPOINT WARNING * * *
The spiny frog stings you but does no damage.
The giant frog hits you but does no damage.
The seven-headed hydra bites something.
The seven-headed hydra completely misses something.
The seven-headed hydra barely misses something.
The seven-headed hydra bites something! x2; You feel a bit more experienced.
The giant frog hits you.
* * * LOW HITPOINT WARNING * * *
There is a stone staircase leading up here.
The komodo dragon bites you.
* * * LOW HITPOINT WARNING * * *
The crocodile barely misses you. The giant frog hits you.
* * * LOW HITPOINT WARNING * * *
The spiny frog stings you!!
You die...
Xom thinks this is hilarious! w S P w;

##≈##.... 7#≈........
7777###.≈≈≈≈..... 7P..
...≈≈≈≈≈....
7#..##≈≈≈≈≈≈≈≈≈.. P
#.......≈≈≈≈≈≈...
P###......l≈≈≈≈≈≈..
.......#...@.≈≈≈≈≈..
........#..FFt≈≈≈≈≈..
.............≈≈≈≈≈≈..
........P...r.≈≈≈≈... l
........#.....≈≈....#
##......+r....#..+..#
........#....D...# ..
...#......r...#..P...
.P..........#.#+..#.....


You could see a seven-headed hydra (confused), a komodo dragon, a spiny frog, a
crocodile, a giant frog and 3 river rats.

Vanquished Creatures
  A minotaur (Lab)
  A spiny frog (Lair:2)
  Grinder (D:3)
  A hungry ghost (D:7)
  A steam dragon (D:7)
  2 water moccasins (Lair:1)
  2 ice beasts
  2 phantoms (D:6)
  A wasp (D:8)
  An orc warrior (D:7)
  6 ogres
  A boggart (D:5)
  4 centaurs
  5 giant frogs
  A scorpion (D:7)
  49 killer bees
  2 wights (D:8)
  A giant frog zombie (D:5)
  3 crimson imps
  2 howler monkeys (D:5)
  2 giant frog skeletons
  8 hounds
  An orc priest (D:3)
  3 jellies
  3 iguanas
  4 orc wizards
  7 worker ants
  A hound zombie (D:8)
  3 hound skeletons
  19 gnolls
  A howler monkey zombie (D:6)
  3 river rats (Lair:2)
  5 adders
  4 shadow imps
  3 worms (D:4)
  An adder skeleton (D:5)
  7 dart slugs
  4 giant geckos
  16 orcs
  5 giant cockroaches
  15 goblins
  6 hobgoblins
  9 jackals
  3 quokkas
  10 bats
  A giant gecko zombie (D:8)
  9 giant newts
  3 kobolds
  A quokka zombie (D:6)
  13 rats
  A fungus (Lair:2)
258 creatures vanquished.

Vanquished Creatures (others)
  A killer bee (D:8)
  2 fungi (Lair:2)
3 creatures vanquished.

Grand Total: 261 creatures vanquished

Notes
Turn   | Place    | Note
-------+----------+-------------------------------------------
     0 | D:1      | MrRokkomies the Troll Chaos Knight began the quest for the Orb.
     0 | D:1      | Reached XP level 1. HP: 22/22 MP: 0/0
    56 | D:1      | XOM: potion effect (agility)
    59 | D:1      | XOM: harmless Summ miscast
    94 | D:1      | Reached XP level 2. HP: 29/29 MP: 1/1
   107 | D:1      | XOM: harmless Pois miscast
   228 | D:1      | Reached XP level 3. HP: 37/37 MP: 2/2
   761 | D:2      | XOM: noise
   779 | D:2      | Reached skill level 1 in Throwing
   873 | D:2      | Reached XP level 4. HP: 35/45 MP: 3/3
   875 | D:2      | XOM: cast spell 'Ring of Flames'
   876 | D:2      | Reached skill level 4 in Unarmed Combat
   968 | D:2      | Found a snail-covered altar of Cheibriados.
  1025 | D:2      | XOM: divination: magic mapping
  1242 | D:2      | XOM: noise
  1320 | D:2      | XOM: cloud trail
  1325 | D:2      | XOM is BORED!
  1325 | D:2      | XOM: mild Summ miscast
  1546 | D:2      | XOM: blink monster(s)
  1604 | D:3      | Reached XP level 5. HP: 36/53 MP: 4/4
  1612 | D:3      | XOM: cleaving
  1613 | D:3      | XOM: harmless Pois miscast
  1662 | D:3      | XOM: harmless Tmut miscast
  1687 | D:3      | Reached skill level 5 in Unarmed Combat
  1738 | D:3      | Noticed Grinder
  1748 | D:3      | Paralysed by Grinder for 7 turns
  1755 | D:3      | Killed Grinder
  1755 | D:3      | Reached XP level 6. HP: 61/61 MP: 5/5
  1835 | D:3      | Found a white marble altar of Elyvilon.
  2161 | D:4      | Noticed a moth of wrath
  2164 | D:4      | Found a bloodstained altar of Trog.
  2269 | D:4      | Found a bloodstained altar of Trog.
  2330 | D:4      | Found an opulent altar of Gozag.
  2357 | D:4      | Reached XP level 7. HP: 67/67 MP: 6/6
  2382 | D:4      | Reached skill level 6 in Unarmed Combat
  2555 | D:4      | Found a sparkling altar of Nemelex Xobeh.
  2630 | D:4      | XOM: harmless Ice miscast
  2771 | D:4      | XOM: divination: detect creatures
  3223 | D:5      | Entered Level 5 of the Dungeon
  3368 | D:5      | Found a sacrificial altar of Ru.
  3378 | D:5      | Reached skill level 1 in Evocations
  3406 | D:5      | XOM: cleaving
  3417 | D:5      | XOM: medium Fire miscast
  3418 | D:5      | XOM: divination: detect items
  3421 | D:5      | XOM: harmless Ice miscast
  3424 | D:5      | Reached skill level 7 in Unarmed Combat
  3425 | D:5      | Reached XP level 8. HP: 24/75 MP: 8/8
  3606 | D:5      | XOM: polymorph giant frog -> boggart
  3705 | D:5      | XOM: 1-stop teleportation journey
  3831 | D:5      | XOM: smoke on damage
  3901 | D:6      | XOM: medium Fire miscast
  3921 | D:6      | XOM: give mutations
  3921 | D:6      | Gained mutation: Scrolls take you a little longer to read. [Xom's mischief]
  3921 | D:6      | Gained mutation: You have large cloven feet. [Xom's mischief]
  3921 | D:6      | Gained mutation: You evolve. [Xom's mischief]
  3921 | D:6      | Gained mutation: Your body sometimes deteriorates upon taking damage. [Xom's mischief]
  3935 | D:6      | XOM: harmless Tmut miscast
  3940 | D:6      | Found a radiant altar of Vehumet.
  3959 | D:6      | XOM: stat loss: -1 Dex (10/11)
  3969 | D:6      | Reached skill level 8 in Unarmed Combat
  4131 | D:6      | Found a shattered altar of Ashenzari.
  4282 | D:6      | Found a hazy altar of Hepliaklqana.
  4428 | D:6      | XOM: medium Hex miscast
  4536 | D:7      | XOM: smoke on damage
  4561 | D:7      | Reached XP level 9. HP: 41/81 MP: 11/11
  4585 | D:7      | Reached skill level 9 in Unarmed Combat
  4750 | D:7      | Found a burning altar of Makhleb.
  4767 | D:7      | Found a stormy altar of Qazlal.
  4804 | D:7      | XOM: 1-stop teleportation journey
  4846 | D:7      | Gained mutation: Your system is resistant to poisons. (rPois) [evolution]
  4852 | D:7      | Found a burning altar of Makhleb.
  4886 | D:7      | XOM: mild Air miscast
  4895 | D:7      | Reached skill level 5 in Evocations
  4925 | D:7      | XOM: blink monster(s)
  5167 | D:7      | Found a staircase to the Ecumenical Temple.
  5182 | D:7      | XOM: harmless Summ miscast
  5198 | D:7      | XOM: stat loss: -1 Dex (11/12)
  5449 | D:8      | XOM: polymorph killer bee -> wasp
  5450 | D:8      | XOM: noise
  5455 | D:8      | Reached skill level 10 in Unarmed Combat
  5467 | D:8      | XOM: destruction
  5499 | D:8      | Reached skill level 5 in Fighting
  5667 | D:8      | Reached XP level 10. HP: 95/96 MP: 12/12
  5685 | D:8      | XOM: harmless Pois miscast
  5702 | D:8      | Found a staircase to the Lair.
  5702 | D:8      | Found a bloodstained altar of Trog.
  5712 | D:8      | XOM: mild Air miscast
  5808 | D:8      | XOM: harmless Tloc miscast
  5970 | D:8      | XOM: mild Hex miscast
  5971 | D:8      | XOM: summons 2 hostile demons
  6139 | D:8      | XOM: fog
  6169 | D:8      | Reached skill level 11 in Unarmed Combat
  6308 | D:8      | XOM: noise
  6374 | D:8      | XOM is BORED!
  6374 | D:8      | XOM: give mutation
  6374 | D:8      | Gained mutation: You are frail. (-10% HP) [Xom's mischief]
  6464 | D:8      | XOM: harmless Summ miscast
  6526 | D:8      | XOM: severe Tloc miscast
  6560 | D:8      | Gained mutation: You are very frail. (-20% HP) [mutagenic glow]
  6658 | D:8      | Gained mutation: You are occasionally teleported next to monsters. [mutagenic glow]
  7076 | D:8      | Gained mutation: You are extremely frail. (-30% HP) [potion of mutation]
  7077 | D:8      | Gained mutation: You are covered in thick fur. (AC +2) [potion of mutation]
  7078 | D:8      | Lost mutation: You are extremely frail. (-30% HP) [potion of mutation]
  7078 | D:8      | Gained mutation: Your magical capacity is low. (-10% MP) [potion of mutation]
  7078 | D:8      | Lost mutation: Your magical capacity is low. (-10% MP) [potion of mutation]
  7141 | Lair:1   | Entered Level 1 of the Lair of Beasts
  7164 | Lair:1   | Identified a +1 rod of ignition (9/9) (You found it on level 1 of the Lair of Beasts)
  7179 | Lair:1   | Found a labyrinth entrance.
  7187 | Lab      | Entered a labyrinth
  7261 | Lab      | XOM: give mutations
  7261 | Lab      | Gained mutation: You possess an exceptional clarity of mind. [Xom's grace]
  7261 | Lab      | Gained mutation: Your spells are a little harder to cast, but a little more powerful. [Xom's grace]
  7262 | Lab      | Noticed a minotaur
  7265 | Lab      | XOM: potion effect (haste)
  7275 | Lab      | Killed a minotaur
  7278 | Lab      | Identified a +2 rod of ignition (14/14) (You found it in a labyrinth)
  7888 | Lair:2   | Noticed a spiny frog
  7895 | Lair:2   | Killed a spiny frog
  7903 | Lair:2   | XOM: god gift: runed cloak {god gift}
  7926 | Lair:2   | XOM: destruction
  7932 | Lair:2   | Noticed a spiny frog
  7933 | Lair:2   | XOM: divination: detect creatures
  7935 | Lair:2   | Noticed a seven-headed hydra
  8054 | Lair:2   | Slain by a spiny frog

Vault maps used:
D:1:      ncdulo_halloftheorcs, minmay_pentomino_w4
D:2:      cheibriados_altar_1, minmay_misc_feat_four_crosses,
          kennysheep_generic_room_5
D:3:      lemuel_round_altar, first_bread, uniq_grinder
D:4:      lemuel_round_altar, lemuel_crystal_altar,
          nicolae_overflow_hidden_temple, tgw_trog
D:5:      overflow_temple_1_default, kennysheep_dice
D:6:      kennysheep_steamy, evilmike_ruin_ashenzari, lemuel_crystal_altar,
          vehumet_crystals
D:7:      grunt_qazlal_sundering, lemuel_doored_altar, basic_altar,
          kennysheep_cross_bottleneck
D:8:      wad_woods_minihive, lair_0_dummy, basic_altar, moated_statue
Lair:1:   lab_entry_generic
Lair:2:   nicolae_swamp_entry_splash_gauntlet, spider_nest_entry_rubble,
          grunt_megastairs_2, infiniplex_staircase_pool
Lab:      labyrinth_hidden_loot, nicolae_lab_blocks

Skill      XL: |  1  2  3  4  5  6  7  8  9 10 |
---------------+-------------------------------+-----
Fighting       | 3 5 7 |  7.4
Throwing       | 1 2 3 4 |  4.7
Unarmed Combat | 4 5 7 8 10 11 | 11.0
Evocations     | 2 4 5 |  5.1
Dodging        | 4 |  4.3

Action                   |  1- 3 |  4- 6 |  7- 9 | 10-12 || total
-------------------------+-------+-------+-------+-------++-------
Melee: Unarmed           |    88 |   120 |   357 |   213 ||   778
       Punch             |       |     3 |     5 |     9 ||    17
       Kick              |       |       |    55 |    42 ||    97
Throw: Large rock        |       |     8 |     1 |     3 ||    12
       Stone             |       |       |    10 |     8 ||    18
 Abil: Evoke Berserk Rag |       |       |     1 |       ||     1
Evoke: Wand              |       |     3 |     4 |     5 ||    12
  Use: Scroll            |     4 |     2 |     9 |     4 ||    19
       Potion            |     1 |       |     3 |    11 ||    15
 Stab: Sleeping          |     1 |     3 |     5 |     3 ||    12
       Paralysed         |       |     2 |       |       ||     2
       Distracted        |       |       |     1 |       ||     1
       Confused          |       |       |       |     1 ||     1
  Eat: Chunk             |    13 |    10 |    39 |    12 ||    74
       Beef jerky        |       |       |     2 |       ||     2
       Pizza             |       |       |       |     2 ||     2
Armor: Robe              |    36 |    45 |   149 |    88 ||   318
Dodge: Dodged            |    55 |    57 |   181 |   122 ||   415
